 Dungeon Crawl Stone Soup version 0.31-a0-188-g5e087ee2ca (webtiles) character file.

Game seed: 11444949534396326082

373 qw the Skirmisher (level 6, -6/35 HPs)
             Began as a Deep Elf Hunter on June 23, 2023.
             Killed by divine providence
             ... invoked by an orc priest
              (14 damage)
             ... on level 4 of the Dungeon.
             The game lasted 00:01:12 (3078 turns).

qw the Skirmisher (Deep Elf Hunter)                 Turns: 3078, Time: 00:01:12

Health: -6/35      AC: 10    Str:  7    XL:     6   Next: 43%
Magic:  8/8        EV: 10    Int: 16    God:
Gold:   171        SH:  0    Dex: 18    Spells: 5/5 levels left

rFire   . . .        Y - +1 shortbow
rCold   + . .        (shield currently unavailable)
rNeg    . . .        d - +0 ring mail
rPois   .            (no helmet)
rElec   .            c - +0 cloak
rCorr   .            (no gloves)
SInv    .            (no boots)
Will    .....        (no amulet)
Stlth   +            a - +4 ring of protection
HPRegen 0.25/turn    b - ring "Emoegril" {rC+ Str-3 Int+2 Slay+4}
MPRegen 0.11/turn

%: no passive effects
@: about to teleport
A: no striking features
a: no special abilities


You were on level 4 of the Dungeon.
You visited 1 branch of the dungeon, and saw 5 of its levels.

You collected 171 gold pieces.


   Skills:
 - Level 2.1 Fighting
 + Level 9.9 Ranged Weapons
 - Level 2.4 Dodging
 - Level 1.2 Stealth


You had 5 spell levels left.
You didn't know any spells.
Your spell library was empty.

Inventory:

Hand Weapons
 Y - a +1 shortbow (weapon)
Armour
 c - a +0 cloak (worn)
 d - a +0 ring mail (worn)
 m - a +0 pair of boots
Jewellery
 a - a +4 ring of protection (left hand)
 b - the ring "Emoegril" (right hand) {rC+ Str-3 Int+2 Slay+4}
   (You found it on level 2 of the Dungeon)

   [ring of slaying]

   Str:       It affects your strength (-3).
   Int:       It affects your intelligence (+2).
   Slay:      It affects your accuracy & damage with ranged weapons and melee
   (+4).
   rC:        It protects you from cold.
Scrolls
 h - 2 scrolls of teleportation
 k - a scroll of noise {unknown}
Potions
 e - a potion of magic {unknown}
 f - a potion of degeneration {unknown}
 g - a potion of mutation {unknown}
 i - a potion of curing {unknown}
 j - 2 potions of attraction {unknown}
 l - a potion of brilliance {unknown}

Dungeon Overview and Level Annotations

Branches:
Dungeon (5/15)
 Temple: D:4-7

Altars:
Gozag
Makhleb
Yredelemnul
The Shining One

Annotations:
D:3 3 runed translucent doors, qw's ghost, weakling DEHu


Message History

The arrow hits the orc but does no damage.
An orc priest comes into view. It is wielding a +2 vampiric dagger.
You shoot an arrow. The arrow hits the orc!
You kill the orc!
You shoot an arrow. The arrow hits the orc.
The orc is severely wounded.
You shoot an arrow. The arrow barely misses the orc.
The orc hits you with a +0 short sword.
You shoot an arrow. The arrow barely misses the orc.
An orc comes into view. It is wielding a +0 club.
The orc misses you.
The orc priest hits you but does no damage.
You shoot an arrow. The arrow barely misses the orc.
The orc hits you but does no damage. The orc priest closely misses you.
You shoot an arrow. The arrow closely misses the orc.
The orc hits you but does no damage.
The orc priest hits you but does no damage.
The orc hits you but does no damage.
The orc priest invokes the aid of Beogh against you.
Beogh smites you!
You shoot an arrow. The arrow hits the orc!
You kill the orc!
The orc priest hits you but does no damage.
You shoot an arrow. The arrow hits the orc priest.
The orc priest is lightly wounded.
You shoot an arrow.
The arrow completely misses the orc priest.
The orc priest hits you with a +2 vampiric dagger.
The orc priest draws strength from your wounds!
You shoot an arrow.
The arrow hits the orc priest but does no damage.
The orc hits you but does no damage.
The orc priest calls down the wrath of Beogh upon you.
Beogh smites you!
3078 ||| READING 3 scrolls of teleportation.
As you read the scroll of teleportation, it crumbles to dust.
You feel strangely unstable.
The orc priest calls down the wrath of Beogh upon you.
Beogh smites you!
You die...

.#.#.#...##
.#.#.#.###
##.#.#########
.#.........#
#########.#
#.######
#......#
#####.## #@#
## #...oo.# .#
#.###### .# .#
.# .# .# .#


You could see an orc priest and an orc.

Vanquished Creatures
  A scorpion (D:4)
  A quasit (D:5)
  2 hounds (D:5)
  A sleepcap (D:4)
  An orc wizard (D:4)
  A scorpion zombie (D:3)
  5 adders
  2 worms
  3 dart slugs
  3 orcs
  2 endoplasms
  A giant cockroach (D:2)
  9 goblins
  4 hobgoblins
  6 jackals
  7 kobolds
  6 quokkas
  6 ball pythons
  7 bats
  7 frilled lizards
  A goblin zombie (D:5)
  2 kobold zombies (D:5)
  2 orc skeletons (D:5)
  3 orc zombies (D:5)
  A quokka zombie (D:3)
  9 rats
93 creatures vanquished.

Notes
Turn   | Place    | Note
-------+----------+-------------------------------------------
     0 | D:1      | qw the Deep Elf Hunter began the quest for the Orb.
     0 | D:1      | Reached XP level 1. HP: 12/12 MP: 3/3
     0 | D:1      | 0 ||| qw: Version: 0.3-a-9-g12657ce
     0 | D:1      | 0 ||| qw: Game counter: 4258
     0 | D:1      | 0 ||| qw: Always use a shield: true
     0 | D:1      | 0 ||| qw: God list: Okawaru
     0 | D:1      | 0 ||| qw: Allow faded altars: false
     0 | D:1      | 0 ||| qw: Do Orc after D:15 true
     0 | D:1      | 0 ||| qw: Do second Lair branch before Depths: true
     0 | D:1      | 0 ||| qw: Lair rune preference: random
     0 | D:1      | 0 ||| qw: Plans: Normal
     0 | D:1      | 0 ||| PLANNING D:1-11
    71 | D:1      | Found a faded altar of an unknown god.
    79 | D:1      | Reached XP level 2. HP: 16/16 MP: 4/4
    86 | D:1      | Reached skill level 6 in Ranged Weapons
   573 | D:1      | Reached XP level 3. HP: 20/20 MP: 5/5
   828 | D:1      | 828 ||| UPGRADING to +0 ring mail.
   838 | D:1      | 838 ||| DROPPING +0 leather armour.
   839 | D:1      | 839 ||| READING scroll labelled OPNAUV PEOCW.
   840 | D:1      | 840 ||| READING scroll labelled KANOMATORY.
   841 | D:1      | 841 ||| READING scroll labelled URUUNGOSED.
   842 | D:1      | 842 ||| READING 2 scrolls labelled BOPNUSH FUSUARCH.
   847 | D:1      | 847 ||| READING scroll labelled VIUF CUSOVU.
   848 | D:1      | 848 ||| DROPPING scroll of butterflies.
   990 | D:2      | Reached skill level 7 in Ranged Weapons
  1222 | D:2      | Identified the ring "Emoegril" {rC+ Str-3 Int+2 Slay+4}
  1366 | D:2      | Reached XP level 4. HP: 18/25 MP: 6/6
  1872 | D:2      | 1872 ||| UPGRADING to +0 cloak.
  1877 | D:2      | 1877 ||| UPGRADING to +4 ring of protection.
  1878 | D:2      | 1878 ||| UPGRADING to ring "Emoegril" {rC+ Str-3 Int+2
                  | Slay+4}.
  1879 | D:2      | 1879 ||| READING scroll labelled XAICAO ZAESU.
  1912 | D:3      | Found an opulent altar of Gozag.
  2016 | D:3      | Reached skill level 8 in Ranged Weapons
  2022 | D:3      | Found a basalt altar of Yredelemnul.
  2140 | D:3      | Found a runed translucent gate.
  2140 | D:3      | Found a runed translucent gate.
  2141 | D:3      | Found a runed translucent gate.
  2142 | D:3      | Noticed qw's ghost (weakling DEHu)
  2312 | D:3      | You fall into a shaft and drop 2 floors!
  2312 | D:5      | Entered Level 5 of the Dungeon
  2334 | D:5      | Found a burning altar of Makhleb.
  2341 | D:5      | Reached XP level 5. HP: 26/29 MP: 7/7
  2433 | D:5      | Found a glowing golden altar of the Shining One.
  2458 | D:5      | Reached skill level 9 in Ranged Weapons
  2522 | D:5      | 2522 ||| FLEEEEING.
  2523 | D:5      | 2523 ||| FLEEEEING.
  2524 | D:5      | 2524 ||| FLEEEEING.
  2525 | D:5      | 2525 ||| FLEEEEING.
  2526 | D:5      | 2526 ||| STAIRDANCE
  2582 | D:4      | Reached XP level 6. HP: 31/35 MP: 8/8
  3077 | D:4      | HP: 7/35 [orc priest/divine providence (12)]
  3078 | D:4      | 3078 ||| READING 3 scrolls of teleportation.
  3078 | D:4      | Killed from afar by an orc priest

Levels and vault maps discovered:
D:1:      tekkud_arrival_beachfront_property, layout_loops_corners,
          shapermc_ecumenical_altar_starsandcircs, grunt_decor_one_mirror
D:2:      layout_loops_corners
D:3:      layout_rooms, old_standard_altar, lemuel_zombie_altar_yredelemnul,
          ebering_ghost_rock_garden, minmay_misc_feat_plants
D:4:      layout_basic
D:5:      layout_basic, nicolae_tso_besieged_by_evil,
          makhleb_blood_cavern_becter

Skill      XL: |  1  2  3  4  5 |
---------------+----------------+-----
Ranged Weapons | 6 7 8 9 |  9.9
Fighting       | 2 |  2.1
Dodging        | |  2.4
Stealth        | |  1.2

Action                     |  1- 3 |  4- 6 || total
---------------------------+-------+-------++-------
   Fire: Shortbow          |   121 |   150 ||   271
    Use: Scroll            |     5 |     2 ||     7
 Armour: Leather armour    |     2 |       ||     2
         Ring mail         |    13 |    49 ||    62
  Dodge: Dodged            |    24 |    55 ||    79

Table legend:
 A = Non-vault XP
 B = Vault XP
 C = Vault XP percentage of total XP
 D = Non-vault monster count
 E = Vault monster count
 F = Vault count percentage of total count
                 A         B        C        D         E       F
            +---------+---------+-------+---------+---------+-------
      Total |     402 |     132 |  24.7 |      81 |      12 |  12.9
            +---------+---------+-------+---------+---------+-------
        D:1 |      47 |       0 |   0.0 |      31 |       0 |   0.0
        D:2 |      71 |       0 |   0.0 |      21 |       0 |   0.0
        D:3 |      17 |      35 |  67.3 |       9 |       2 |  18.2
        D:4 |     205 |       0 |   0.0 |      17 |       0 |   0.0
        D:5 |      62 |      97 |  61.0 |       3 |      10 |  76.9
            +---------+---------+-------+---------+---------+-------
